[Event "Titled Tuesday Blitz January 31 Early 2023"]
[White "Kollars, Dmitrij"]
[Black "Samunenkov, Ihor"]
[WhiteFideId "12909572"]
[BlackFideId "14187086"]
[WhiteElo "2607"]
[BlackElo "2501"]
[Result "0-1"]
[Round "06"]
[TimeControl "180+2"]
[Date "2023.01.31"]
[WhiteClock "0:00:04"]
[BlackClock "0:00:04"]

1. c4 e6 2. Nf3 d5 3. g3 Nf6 4. Bg2 Be7 5. d4 O-O 6. Nc3 c6 7. O-O a5 8. Nd2 b5 9. cxb5 cxb5 10. Nxb5 Qb6 11. a4 Nc6 12. e4 Nxd4 13. exd5 Nxb5 14. dxe6 Bxe6 15. axb5 Qxb5 16. Bxa8 Rxa8 17. Qa4 Qb7 18. Re1 Bb4 19. Rxe6 fxe6 20. Qb3 Qd5 21. Qxd5 exd5 22. Nb3 Re8 23. Be3 Ng4 24. Bd4 Ne5 25. Bxe5 Rxe5 26. Kf1 Re8 27. Nxa5 Rc8 28. Ra4 Rc1+ 29. Kg2 Be1 30. f4 Rc2+ 31. Kf3 Rxb2 32. Nc6 Rxh2 33. Ra8+ Kf7 34. Ne5+ Ke7 35. Ra7+ Kf8 36. Rf7+ Kg8 37. Re7 h6 38. Ng6 Bb4 39. Rb7 Rb2 40. f5 Rb3+ 41. Ke2 d4 0-1


[Site "https://www.chess.com"]

[Event "Titled Tuesday Blitz January 31 Early 2023"]
[White "Kazakouski, Valery"]
[Black "Makhnev, Denis"]
[WhiteFideId "13507443"]
[BlackFideId "13707647"]
[WhiteElo "2539"]
[BlackElo "2483"]
[Result "1-0"]
[Round "06"]
[TimeControl "180+2"]
[Date "2023.01.31"]
[WhiteClock "0:00:09"]
[BlackClock "0:00:05"]

1. e4 e5 2. Nf3 Nc6 3. Bc4 Bc5 4. d3 Nf6 5. c3 a5 6. a4 d6 7. O-O O-O 8. Bg5 h6 9. Bh4 Re8 10. Nbd2 Be6 11. Qb3 Rb8 12. Rfe1 Ba7 13. Nf1 Bxc4 14. Qxc4 Re6 15. Rad1 Qd7 16. Qb5 Ng4 17. d4 exd4 18. cxd4 Rg6 19. Bg3 Bb6 20. N1d2 Rd8 21. Nc4 Ba7 22. d5 Nb4 23. Qxd7 Rxd7 24. Nxa5 Bb6 25. Nxb7 c5 26. dxc6 Nxc6 27. Nxd6 Nxf2 28. Bxf2 Bxf2+ 29. Kxf2 Rgxd6 30. Rxd6 Rxd6 31. Ra1 Nb4 32. a5 Ra6 33. Ne5 Rf6+ 34. Ke2 Re6 35. Ra4 Rxe5 36. Rxb4 Rxa5 37. Rd4 Rb5 38. b4 f5 39. exf5 Rxf5 40. Rd2 Rb5 41. Rb2 Kf7 42. Kd3 Ke7 43. Kc4 Rg5 44. b5 Kd7 45. g3 Kc7 46. Re2 Rg4+ 47. Kc5 Rg5+ 48. Kb4 h5 49. Ka5 Rg4 50. Re7+ Kd6 51. Re8 Rc4 52. Kb6 Rc2 53. Rg8 Rxh2 54. Rxg7 Ke5 55. Ka6 Ra2+ 56. Kb7 Kf5 57. b6 Rg2 58. Rg8 h4 59. Rf8+ Ke6 60. gxh4 Rg7+ 61. Ka6 Rh7 62. b7 1-0


[Site "https://www.chess.com"]

[Event "Titled Tuesday Blitz January 31 Early 2023"]
[White "Bartel, Mateusz"]
[Black "Bortnyk, Olexandr"]
[WhiteFideId "1112635"]
[BlackFideId "14120828"]
[WhiteElo "2609"]
[BlackElo "2605"]
[Result "0-1"]
[Round "06"]
[TimeControl "180+2"]
[Date "2023.01.31"]
[WhiteClock "0:00:06"]
[BlackClock "0:00:31"]

1. e4 Nf6 2. e5 Nd5 3. d4 d6 4. Nf3 dxe5 5. Nxe5 c6 6. Be2 Bf5 7. O-O Nd7 8. Nf3 e6 9. c4 N5f6 10. Nc3 Bd6 11. Nh4 Bg6 12. g3 O-O 13. Bf3 Qc7 14. c5 Be7 15. Bf4 e5 16. dxe5 Nxe5 17. Re1 Nfd7 18. Nxg6 hxg6 19. Bg4 f5 20. Bf3 Bxc5 21. Bd5+ cxd5 22. Qxd5+ Kh7 23. Bxe5 Nxe5 24. Rxe5 Rac8 25. Re2 Rfd8 26. Qf3 Qc6 27. Qxc6 Rxc6 28. Rd1 Rxd1+ 29. Nxd1 Bd4 30. Rd2 Bf6 31. Kf1 b5 32. Ke2 a5 33. Rd5 Rb6 34. b3 a4 35. Kd3 a3 36. Ne3 Rb7 37. Nc2 Bb2 38. b4 Kh6 39. Nd4 Rc7 40. Nxb5 Rc1 41. Rd8 Kg5 42. Ra8 Kg4 43. Kd2 Ra1 44. Kc2 Rxa2 45. Kb3 Ra1 46. Nxa3 Bd4 47. b5 Bxf2 48. Ra4+ Kh3 49. Nc4 Rxa4 50. Kxa4 Kxh2 51. b6 Bxb6 52. Nxb6 Kxg3 53. Kb4 f4 54. Kc3 f3 55. Nc4 f2 56. Ne3 Kf3 57. Kd2 g5 58. Nf1 g4 59. Nh2+ Kg3 60. Nf1+ Kg2 61. Ne3+ Kf3 0-1


[Site "https://www.chess.com"]

[Event "Titled Tuesday Blitz January 31 Early 2023"]
[White "Bluebaum, Matthias"]
[Black "Mikaelyan, Arman"]
[WhiteFideId "24651516"]
[BlackFideId "13304852"]
[WhiteElo "2669"]
[BlackElo "2523"]
[Result "1-0"]
[Round "06"]
[TimeControl "180+2"]
[Date "2023.01.31"]
[WhiteClock "0:01:17"]
[BlackClock "0:00:02"]

1. d4 d5 2. c4 c6 3. Nf3 Nf6 4. Nc3 e6 5. Qc2 dxc4 6. e4 b5 7. Be2 Bb7 8. O-O Nbd7 9. b3 cxb3 10. axb3 Be7 11. e5 Nd5 12. Nxd5 cxd5 13. Bxb5 O-O 14. Bd2 a6 15. Ba5 Qe8 16. Ba4 Rc8 17. Qd3 Bd8 18. Bb4 Be7 19. Qd2 Bc6 20. Rfc1 Bxa4 21. Rxc8 Qxc8 22. Bxe7 Re8 23. Bf6 gxf6 24. exf6 Nxf6 25. Qg5+ Kf8 26. Qxf6 Qc3 27. Qh6+ Ke7 28. Rxa4 Qxb3 29. Ra1 Rg8 30. Qf4 Qc3 31. Rc1 Rg4 32. Qxf7+ Kxf7 33. Rxc3 Rg8 34. Rc7+ Kf6 35. Ne5 Ra8 36. h4 Kf5 37. f3 1-0


[Site "https://www.chess.com"]

[Event "Titled Tuesday Blitz January 31 Early 2023"]
[White "Halkias, Stelios"]
[Black "Terry, Renato"]
[WhiteFideId "4201809"]
[BlackFideId "3803457"]
[WhiteElo "2511"]
[BlackElo "2520"]
[Result "1/2-1/2"]
[Round "06"]
[TimeControl "180+2"]
[Date "2023.01.31"]
[WhiteClock "0:00:10"]
[BlackClock "0:00:03"]

1. d4 e6 2. Nf3 Nf6 3. e3 b6 4. Bd3 Bb7 5. O-O g6 6. c4 Bg7 7. Nc3 d6 8. b3 Nbd7 9. Bb2 O-O 10. Qe2 e5 11. d5 Qe8 12. e4 Nh5 13. g3 h6 14. Nb5 Qd8 15. Kh1 Nc5 16. Bc2 a6 17. Nc3 a5 18. Rg1 Bc8 19. Nd2 Qe8 20. Nb5 Na6 21. Bd1 f5 22. exf5 Bxf5 23. Ne4 Nf6 24. Nxf6+ Bxf6 25. Bc2 Bg7 26. Raf1 Bh3 27. Re1 Qf7 28. f4 Rae8 29. Qd2 g5 30. f5 Qh5 31. Qe3 Bg4 32. Rgf1 Rf6 33. Rf2 Ref8 34. Ref1 Bh3 35. Bd1 g4 36. Bc2 Bxf1 37. Rxf1 Rxf5 38. Rxf5 Rxf5 39. Bxf5 Qxf5 40. Qe2 Qb1+ 41. Kg2 Qxa2 42. Nc3 Qxb3 43. Ne4 h5 44. Qf2 Nc5 45. Ng5 Kh8 46. Nf7+ Kh7 47. Qf5+ Kg8 48. Ng5 Qxb2+ 49. Kg1 Qd4+ 50. Kg2 Qd2+ 51. Kg1 Qe1+ 52. Kg2 Qe2+ 53. Kg1 Qe1+ 54. Kg2 Qd2+ 55. Kg1 Qc1+ 56. Kg2 Qb2+ 57. Kg1 Qd4+ 58. Kg2 Qd2+ 1/2-1/2


[Site "https://www.chess.com"]

[Event "Titled Tuesday Blitz January 31 Early 2023"]
[White "Shimanov, Aleksandr"]
[Black "Bacrot, Etienne"]
[WhiteFideId "4198603"]
[BlackFideId "605506"]
[WhiteElo "2581"]
[BlackElo "2667"]
[Result "1/2-1/2"]
[Round "06"]
[TimeControl "180+2"]
[Date "2023.01.31"]
[WhiteClock "0:00:07"]
[BlackClock "0:00:11"]

1. e4 c5 2. d4 cxd4 3. Qxd4 Nc6 4. Qd3 Nf6 5. Nc3 d6 6. Nf3 g6 7. Bg5 Bg7 8. Be2 O-O 9. O-O h6 10. Bh4 Bg4 11. Nd5 Nxd5 12. exd5 Bxf3 13. Qxf3 Nd4 14. Qd3 Nf5 15. Bg3 Nxg3 16. hxg3 Bxb2 17. Rab1 Bf6 18. Rxb7 Qa5 19. Qb3 Qd2 20. Qd3 Qa5 21. Qb3 Rfc8 22. c4 h5 23. Rd1 Qd8 24. Qa4 Rcb8 25. Rdb1 Bd4 26. Kf1 Kg7 27. Bd3 Rxb7 28. Rxb7 Rb8 29. Qc6 Rxb7 30. Qxb7 Kf6 31. Qb4 Qc7 32. Ke2 Kg7 33. Qd2 Qc5 34. Qf4 Be5 35. Qe3 Qa3 36. Qd2 Bc3 37. Qc2 Bd4 38. Qd2 a5 39. Qc2 a4 40. Qd2 Bc3 41. Qc2 Qb4 42. Kf3 Bd4 43. Qe2 Bf6 44. Qc2 a3 45. Ke2 Qb6 46. Qc1 Bd4 47. f3 Bb2 48. Qe3 Qb7 49. g4 hxg4 50. fxg4 Be5 51. Qd2 Qa7 52. Qe3 Qa5 53. Qd2 Qc5 54. Qe3 Qb4 55. Qd2 Qb6 56. Qe3 Qb2+ 57. Qd2 Qd4 58. Kf3 Qa1 59. Qe2 Qc3 60. Qc2 Qe1 61. Qf2 Qh1 62. Qe2 Bf6 63. Qf2 Qc1 64. Qe2 Qc3 65. g3 Qd4 66. Qe4 Qc3 67. Qe2 Be5 68. Kg2 Qc1 69. Be4 Qc3 70. Bf3 Qd4 71. Kh2 Qc3 72. Kg2 Qc1 73. Kh2 Qh6+ 74. Kg2 Qg5 75. Kh2 Qh4+ 76. Kg2 Qxg3+ 77. Kf1 Qf4 78. Kg2 Qc1 79. Qf1 Qc3 80. Qe2 Qd4 81. Qe4 Qd2+ 82. Qe2 Qf4 83. Qf2 Qh2+ 84. Kf1 Qh6 85. Qe2 Qc1+ 86. Kg2 Qf4 87. Qf2 Bd4 88. Qe2 Qc1 89. Qf1 Qd2+ 90. Qe2 Qc1 91. Qf1 Qb2+ 92. Qe2 f5 93. gxf5 gxf5 94. Bh5 Be5 95. Bf3 Kf6 96. Qf2 Kg5 97. Be2 Kf6 98. Qh4+ Kg6 99. Qh5+ Kg7 100. Qg5+ Kf8 101. Qxf5+ Bf6 102. Qc8+ Kg7 103. Qg4+ Kh6 104. Qh5+ Kg7 105. Qg4+ Kf7 106. Qe6+ Kf8 107. Qc8+ Kg7 108. Qg4+ 1/2-1/2


[Site "https://www.chess.com"]

[Event "Titled Tuesday Blitz January 31 Early 2023"]
[White "Fier, Alexandr"]
[Black "Lenderman, Aleksandr"]
[WhiteFideId "2107139"]
[BlackFideId "2021285"]
[WhiteElo "2589"]
[BlackElo "2572"]
[Result "1-0"]
[Round "06"]
[TimeControl "180+2"]
[Date "2023.01.31"]
[WhiteClock "0:01:36"]
[BlackClock "0:01:27"]

1. d4 e6 2. c4 b6 3. Nc3 Bb7 4. a3 f5 5. d5 Nf6 6. g3 Bd6 7. Bg2 O-O 8. Nf3 Na6 9. O-O Nc5 10. Nd4 Be5 11. e3 a5 12. f4 Bxd4 13. exd4 Nce4 14. Nxe4 Nxe4 15. dxe6 dxe6 16. Be3 Qf6 17. Qa4 Rfd8 18. Rad1 c5 19. dxc5 Qxb2 20. c6 Rxd1 21. Rxd1 Nc3 22. cxb7 Rf8 23. Qd7 Nxd1 24. Qxe6+ Kh8 25. Qd6 1-0


[Site "https://www.chess.com"]

[Event "Titled Tuesday Blitz January 31 Early 2023"]
[White "Ioannidis, Evgenios"]
[Black "Korobov, Anton"]
[WhiteFideId "4229274"]
[BlackFideId "14105730"]
[WhiteElo "2467"]
[BlackElo "2664"]
[Result "1-0"]
[Round "06"]
[TimeControl "180+2"]
[Date "2023.01.31"]
[WhiteClock "0:01:21"]
[BlackClock "0:01:25"]

1. d4 Nf6 2. c4 e6 3. Nc3 Bb4 4. Qc2 d6 5. Bd2 c5 6. Nf3 O-O 7. a3 Ba5 8. e3 Nc6 9. Bd3 Re8 10. O-O b6 11. d5 exd5 12. Nxd5 Bxd2 13. Nxd2 h6 14. Nxf6+ Qxf6 15. Be4 Bb7 16. Rad1 Qe7 17. Bd5 Na5 18. Bxb7 Qxb7 19. Nb1 Rad8 20. Rd5 b5 21. b3 bxc4 22. bxc4 Qa6 23. Rc1 Rb8 24. Qa4 Rb6 25. Qxe8+ 1-0


[Site "https://www.chess.com"]

[Event "Titled Tuesday Blitz January 31 Early 2023"]
[White "Dominguez Perez, Leinier"]
[Black "Wieczorek, Oskar"]
[WhiteFideId "3503240"]
[BlackFideId "1133950"]
[WhiteElo "2739"]
[BlackElo "2512"]
[Result "1-0"]
[Round "06"]
[TimeControl "180+2"]
[Date "2023.01.31"]
[WhiteClock "0:00:09"]
[BlackClock "0:00:01"]

1. d4 Nf6 2. Nf3 g6 3. e3 Bg7 4. Be2 O-O 5. O-O c5 6. dxc5 Qa5 7. c4 Qxc5 8. Nc3 d6 9. e4 Nc6 10. Be3 Qa5 11. Nd4 Nxd4 12. Bxd4 Be6 13. Rc1 Rfc8 14. b3 Nd7 15. Bxg7 Kxg7 16. f4 Nf6 17. Kh1 a6 18. Bd3 Qc5 19. Qe2 Bg4 20. Qb2 Qd4 21. Bb1 b5 22. h3 b4 23. Na4 Qxb2 24. Nxb2 Bd7 25. e5 Ne8 26. Be4 Rab8 27. Rfd1 Rc5 28. Nd3 Ra5 29. Rd2 f5 30. Bf3 h6 31. Re1 Kf8 32. h4 Bc8 33. Bc6 Rb6 34. Bf3 e6 35. Red1 Bd7 36. exd6 Rxd6 37. Nxb4 Rxd2 38. Rxd2 Ke7 39. Nd3 Ra3 40. Ne5 Bc8 41. Nxg6+ Kf6 42. Ne5 a5 43. Kh2 a4 44. b4 Rc3 45. b5 a3 46. b6 1-0


[Site "https://www.chess.com"]

[Event "Titled Tuesday Blitz January 31 Early 2023"]
[White "Timofeev, Artyom"]
[Black "Fernandez Guillen, Ernesto J."]
[WhiteFideId "4140419"]
[BlackFideId "3512428"]
[WhiteElo "2567"]
[BlackElo "2477"]
[Result "0-1"]
[Round "06"]
[TimeControl "180+2"]
[Date "2023.01.31"]
[WhiteClock "0:00:36"]
[BlackClock "0:00:08"]

1. e4 e5 2. Nf3 Nc6 3. Bb5 f5 4. d4 fxe4 5. Bxc6 bxc6 6. Nxe5 Nf6 7. O-O d6 8. Nxc6 Qd7 9. d5 Bb7 10. Nc3 Bxc6 11. dxc6 Qxc6 12. Bg5 Be7 13. Bxf6 Bxf6 14. Nxe4 Bxb2 15. Rb1 O-O 16. Qd3 Be5 17. Ng5 g6 18. Qh3 h5 19. Qe6+ Kg7 20. Qe7+ Kh6 21. Nf7+ Rxf7 22. Qxf7 Qxc2 23. Rbc1 Qf5 24. Qxf5 gxf5 25. Rxc7 f4 26. Rb1 a5 27. Kf1 a4 28. Ke2 Ra5 29. a3 Bd4 30. Rc4 Bc5 31. Rxf4 Kg5 32. g3 Ra8 33. h4+ Kg6 34. Kf3 Ra5 35. Rc1 Ra7 36. Rcc4 Rb7 37. Rxa4 Rb3+ 38. Kg2 Bxa3 39. Rf3 Rxf3 40. Kxf3 Bc5 41. Ra2 Kf5 42. Kg2 Bd4 43. f3 d5 44. Ra5 Ke5 45. g4 Be3 46. gxh5 Bf4 47. Kh3 Bd2 48. Kg4 Bxa5 49. Kg5 Bd2+ 50. Kg6 Kf4 51. h6 Bc3 52. h7 Be5 0-1


[Site "https://www.chess.com"]

[Event "Titled Tuesday Blitz January 31 Early 2023"]
[White "Svane, Frederik"]
[Black "Sattarov, Bobir"]
[WhiteFideId "12923044"]
[BlackFideId "14203081"]
[WhiteElo "2600"]
[BlackElo "2366"]
[Result "0-1"]
[Round "06"]
[TimeControl "180+2"]
[Date "2023.01.31"]
[WhiteClock "0:00:01"]
[BlackClock "0:00:21"]

1. c4 Nf6 2. Nc3 g6 3. g3 Bg7 4. Bg2 O-O 5. d3 d6 6. Rb1 Nc6 7. Nf3 e5 8. O-O h6 9. b4 Be6 10. b5 Ne7 11. Nd2 Qc8 12. a4 Bh3 13. Ba3 b6 14. e4 Bxg2 15. Kxg2 Nh7 16. Nd5 Qd7 17. f4 f5 18. fxe5 Bxe5 19. Nf3 Bg7 20. Nh4 Nxd5 21. exd5 Qf7 22. Re1 Rae8 23. Qd2 Nf6 24. Bb2 Ng4 25. Bxg7 Kxg7 26. Nf3 Qf6 27. h3 Ne5 28. Nd4 Kh7 29. Ne6 Rf7 30. Re2 g5 31. d4 Ng6 32. Nxg5+ Qxg5 33. Qxg5 Rxe2+ 34. Kf3 hxg5 35. Kxe2 f4 36. gxf4 Nxf4+ 37. Ke3 Nxh3 38. c5 g4 39. cxd6 cxd6 40. Rb2 Kg6 41. Rg2 Kg5 42. Rc2 g3 43. Rc8 Kg4 44. Rg8+ Ng5 45. Rg6 g2 46. Kd3 g1=Q 0-1


[Site "https://www.chess.com"]

[Event "Titled Tuesday Blitz January 31 Early 2023"]
[White "Jakubowski, Krzysztof"]
[Black "Babazada, Khazar"]
[WhiteFideId "1112848"]
[BlackFideId "13413554"]
[WhiteElo "2486"]
[BlackElo "2474"]
[Result "0-1"]
[Round "06"]
[TimeControl "180+2"]
[Date "2023.01.31"]
[WhiteClock "0:00:02"]
[BlackClock "0:01:20"]

1. e4 e5 2. Nc3 Nc6 3. Bc4 Nf6 4. d3 Bc5 5. f4 d6 6. Nf3 Bg4 7. Bb5 exf4 8. Bxf4 O-O 9. Bxc6 bxc6 10. Bg5 Rb8 11. d4 Bb4 12. Qd3 h6 13. Bh4 g5 14. Nxg5 hxg5 15. Bxg5 Rb5 16. d5 Bxc3+ 17. bxc3 Qe7 18. O-O Qxe4 19. Bxf6 Qxd3 20. cxd3 Rxd5 21. Rf4 Bh5 22. c4 Ra5 23. Re1 Bg6 24. d4 Rf5 25. Rxf5 Bxf5 26. Rf1 Be6 27. d5 cxd5 28. cxd5 Bxd5 29. Rf5 Be4 30. Rh5 Bh7 31. Kf2 Re8 32. g4 Re6 33. g5 c5 34. Rh3 d5 35. Rb3 Bc2 36. Rb8+ Kh7 37. Rc8 c4 38. h4 Kg6 39. Rh8 Rxf6+ 40. gxf6 d4 41. Rd8 d3 42. Ke3 c3 43. Rd6 d2 44. Ke2 a5 45. a3 a4 0-1


[Site "https://www.chess.com"]

[Event "Titled Tuesday Blitz January 31 Early 2023"]
[White "Csonka, Balazs"]
[Black "Dubov, Daniil"]
[WhiteFideId "742910"]
[BlackFideId "24126055"]
[WhiteElo "2496"]
[BlackElo "2708"]
[Result "1-0"]
[Round "06"]
[TimeControl "180+2"]
[Date "2023.01.31"]
[WhiteClock "0:00:06"]
[BlackClock "0:00:07"]

1. d4 d5 2. c4 e6 3. Nf3 Nf6 4. Nc3 Be7 5. Bg5 h6 6. Bh4 O-O 7. e3 b6 8. Bxf6 Bxf6 9. cxd5 exd5 10. b4 Re8 11. Rc1 a6 12. Be2 Qd6 13. Qb3 Be6 14. O-O Nd7 15. b5 c5 16. bxc6 Nb8 17. c7 Nd7 18. e4 dxe4 19. Nxe4 Qe7 20. Bc4 Bxc4 21. Nxf6+ Nxf6 22. Rxc4 Nd5 23. c8=Q Raxc8 24. Rxc8 Rxc8 25. Qxd5 b5 26. Ne5 Rc2 27. Qa8+ Qf8 28. Qxa6 Qd8 29. Qxb5 Qxd4 30. Qe8+ Kh7 31. Nxf7 Rc5 32. Qe6 Ra5 33. g3 Rb5 34. h4 Ra5 35. Nd6 Qd3 36. Qe4+ Qxe4 37. Nxe4 Ra3 38. Ra1 Kg6 39. Nd2 Kf5 40. Nf1 Ke4 41. Kg2 Kd3 42. Ne3 Ke2 43. Nc4 Ra4 44. Ne5 Re4 45. Nf3 Ra4 46. Re1+ Kd3 47. Re3+ Kc2 48. Re2+ Kd1 49. Rd2+ Kc1 50. Rd7 g6 51. Rg7 Ra6 52. Ne5 Kd1 53. Rxg6 Rxa2 54. Rd6+ Ke2 55. Re6 Kd1 56. Ng4 h5 57. Nf6 Ra5 58. Re4 Rb5 59. Rd4+ Kc2 60. Rd5 Rb4 61. Nxh5 Kc3 62. Nf4 Kc4 63. Rd2 Rb6 64. Re2 Rf6 65. h5 Rh6 66. g4 Rf6 67. Kg3 Ra6 68. g5 Ra3+ 69. Kg4 Ra5 70. h6 1-0


[Site "https://www.chess.com"]

[Event "Titled Tuesday Blitz January 31 Early 2023"]
[White "Maksimovic, Bojan"]
[Black "Pranav, V"]
[WhiteFideId "14408120"]
[BlackFideId "25060783"]
[WhiteElo "2486"]
[BlackElo "2597"]
[Result "0-1"]
[Round "06"]
[TimeControl "180+2"]
[Date "2023.01.31"]
[WhiteClock "0:00:02"]
[BlackClock "0:00:24"]

1. e4 e5 2. Nf3 Nc6 3. Bb5 a6 4. Ba4 d6 5. c4 Bd7 6. O-O Nf6 7. Nc3 g6 8. Bxc6 Bxc6 9. Re1 Bg7 10. d4 Nh5 11. Bg5 f6 12. Be3 O-O 13. Qb3 Rf7 14. d5 Bd7 15. Qxb7 Bg4 16. Nd2 c5 17. Qb3 Bd7 18. Qc2 f5 19. exf5 gxf5 20. f3 Kh8 21. a3 Qh4 22. b4 Rg8 23. bxc5 dxc5 24. Bxc5 Bf6 25. Bf2 Qh3 26. Bg3 Rxg3 27. hxg3 Qxg3 28. Nf1 Qg5 29. Qd2 Qh4 30. Qf2 Qg5 31. Qd2 Nf4 32. g3 h5 33. Kf2 Nh3+ 34. Kg2 Nf4+ 35. Kf2 Rg7 36. c5 Qh6 37. gxf4 Bh4+ 38. Ke2 Rg2+ 39. Kd1 Rxd2+ 40. Nxd2 Bxe1 41. Kxe1 Qxf4 42. c6 Bc8 43. Rb1 e4 44. Ne2 Qh2 45. fxe4 fxe4 46. Nxe4 Qh1+ 47. Kd2 Qxe4 48. Nc3 Qd4+ 49. Kc2 Bf5+ 50. Kb2 Bxb1 0-1


[Site "https://www.chess.com"]

[Event "Titled Tuesday Blitz January 31 Early 2023"]
[White "Kozak, Adam"]
[Black "Rakhmanov, Aleksandr"]
[WhiteFideId "753246"]
[BlackFideId "4173708"]
[WhiteElo "2572"]
[BlackElo "2632"]
[Result "1-0"]
[Round "06"]
[TimeControl "180+2"]
[Date "2023.01.31"]
[WhiteClock "0:00:10"]
[BlackClock "0:00:04"]

1. Nf3 Nf6 2. c4 d6 3. Nc3 e5 4. g3 h5 5. d3 Bg4 6. Bg2 Nc6 7. Bg5 Be7 8. h3 Be6 9. h4 Qd7 10. Rb1 a5 11. a3 O-O 12. O-O Nd4 13. Nxd4 exd4 14. Bxf6 Bxf6 15. Nd5 Bxd5 16. cxd5 Rae8 17. b4 axb4 18. Rxb4 b6 19. a4 Re5 20. Rc4 Rfe8 21. Bf3 g5 22. hxg5 Rxg5 23. Qc1 Qh3 24. Qf4 Rf5 25. Bg2 Qg4 26. Qxg4+ hxg4 27. Be4 Rfe5 28. Rxd4 Ra8 29. Rc4 Bd8 30. e3 f5 31. Bg2 Kg7 32. Rfc1 Kf6 33. d4 Re7 34. Bf1 Ra5 35. Bg2 Kg5 36. Rb1 Rh7 37. Rb5 Rxb5 38. axb5 Rh8 39. Ra4 Bf6 40. Ra7 Rh7 41. Ra8 Rh8 42. Ra7 Rh7 43. Bf1 Rd7 44. Bd3 Rh7 45. Kg2 Rd7 46. Ra8 Rd8 47. Ra1 Rh8 48. Rf1 Rf8 49. Bb1 Bg7 50. Rh1 Rh8 51. Rc1 Rc8 52. f4+ gxf3+ 53. Kxf3 Bh6 54. Bd3 Kf6 55. Rh1 Bg5 56. Rh7 Re8 57. e4 fxe4+ 58. Bxe4 Re7 59. Rh8 Kg7 60. Rc8 Rf7+ 61. Ke2 Re7 62. Kd3 Rf7 63. g4 Re7 64. Bf5 Re3+ 65. Kc4 Re7 66. Be6 Kf6 67. Kd3 Bc1 68. Ke4 Bb2 69. Rg8 Rg7 70. Re8 Kg5 71. Rf8 Bc3 72. Rf5+ Kh4 73. Rh5+ Kg3 74. g5 Kf2 75. Kf5 Bxd4 76. g6 Ke3 77. Rh7 Be5 78. Bd7 Kd4 79. Bc6 Rg8 80. Rf7 Rh8 81. g7 Rg8 82. Kg6 Bxg7 83. Rxg7 Rc8 84. Kf6 Kc5 85. Ke6 Rh8 86. Kd7 Rh6 87. Kxc7 Rf6 88. Rd7 Rh6 89. Re7 Rf6 90. Kd7 Rh6 91. Kc8 Rg6 92. Kb7 Rf6 93. Ka6 Rf1 94. Re2 Ra1+ 95. Kb7 Rc1 96. Ra2 Rc3 97. Ra6 Rh3 98. Rxb6 Rh7+ 99. Ka6 Rh1 100. Rb8 Ra1+ 101. Kb7 Rb1 102. Kc7 1-0


[Site "https://www.chess.com"]

[Event "Titled Tuesday Blitz January 31 Early 2023"]
[White "Anton Guijarro, David"]
[Black "Avila Pavas, Santiago"]
[WhiteFideId "2285525"]
[BlackFideId "4437128"]
[WhiteElo "2690"]
[BlackElo "2522"]
[Result "0-1"]
[Round "06"]
[TimeControl "180+2"]
[Date "2023.01.31"]
[WhiteClock "0:00:11"]
[BlackClock "0:00:42"]

1. Nf3 Nf6 2. b3 d5 3. Bb2 Bg4 4. h3 Bxf3 5. exf3 Nbd7 6. f4 e6 7. g3 Bd6 8. Bg2 O-O 9. O-O c6 10. d4 a5 11. a4 c5 12. Na3 Rc8 13. c4 Nb6 14. cxd5 Nbxd5 15. Nc4 Be7 16. Rc1 b6 17. Re1 cxd4 18. Bxd4 Bc5 19. Ne5 Qd6 20. Nc4 Qd8 21. Bxc5 Rxc5 22. Qd4 Qc7 23. Qe5 Qe7 24. Rcd1 g6 25. g4 Nb4 26. Qd6 Qxd6 27. Rxd6 Nbd5 28. f5 gxf5 29. gxf5 Nf4 30. Bf1 Rxf5 31. Rxb6 Kh8 32. Rb5 Rg8+ 33. Kh1 N6d5 34. Ne3 Rfg5 35. Bc4 Nxh3 36. Rf1 Rh5 0-1


[Site "https://www.chess.com"]

[Event "Titled Tuesday Blitz January 31 Early 2023"]
[White "Bruzon Batista, Lazaro"]
[Black "De Silva, L M S T"]
[WhiteFideId "3503739"]
[BlackFideId "9953698"]
[WhiteElo "2611"]
[BlackElo "2452"]
[Result "1-0"]
[Round "06"]
[TimeControl "180+2"]
[Date "2023.01.31"]
[WhiteClock "0:01:02"]
[BlackClock "0:00:13"]

1. Nf3 Nf6 2. g3 b5 3. d3 d5 4. Bg2 Bb7 5. O-O e6 6. c4 bxc4 7. dxc4 Be7 8. Qb3 Qc8 9. Bg5 Nbd7 10. Nc3 O-O 11. Rac1 Rb8 12. Qc2 dxc4 13. Rfd1 Nb6 14. e4 h6 15. Bf4 a6 16. Qe2 Nfd7 17. Nd2 a5 18. Nb5 e5 19. Be3 Ba6 20. Nc3 Bc5 21. Bh3 Qb7 22. Nf3 Bd6 23. Nh4 Nc5 24. Nf5 Nxe4 25. Bxh6 Nxc3 26. bxc3 g6 27. Nxd6 cxd6 28. Bxf8 Rxf8 29. Rxd6 Qc7 30. Qxe5 Bb7 31. Rxg6+ fxg6 32. Qxc7 Bc8 33. Bxc8 Nxc8 34. Rd1 Ne7 35. Qxe7 Rf7 36. Qe6 1-0


[Site "https://www.chess.com"]

[Event "Titled Tuesday Blitz January 31 Early 2023"]
[White "Predke, Alexandr"]
[Black "Acor, Corey"]
[WhiteFideId "24107581"]
[BlackFideId "2024861"]
[WhiteElo "2685"]
[BlackElo "2216"]
[Result "1-0"]
[Round "06"]
[TimeControl "180+2"]
[Date "2023.01.31"]
[WhiteClock "0:00:28"]
[BlackClock "0:00:14"]

1. e4 e5 2. Nf3 Nc6 3. Bb5 Nge7 4. h4 h6 5. h5 Ng8 6. Bxc6 dxc6 7. d4 exd4 8. Qxd4 Bg4 9. Qe5+ Qe7 10. Nc3 Bxf3 11. Qxe7+ Bxe7 12. gxf3 Nf6 13. a3 O-O-O 14. Be3 b6 15. Ke2 Rhe8 16. f4 Ng4 17. Rag1 Nxe3 18. fxe3 Bf6 19. e5 Be7 20. Rxg7 f6 21. e6 f5 22. Rg6 Bf8 23. e4 fxe4 24. f5 Bd6 25. Nxe4 Be5 26. c3 Rd5 27. Rf1 Bd6 28. Nxd6+ Rxd6 29. Rxh6 Red8 30. Ke3 Rd2 31. e7 R8d3+ 32. Ke4 1-0


[Site "https://www.chess.com"]

[Event "Titled Tuesday Blitz January 31 Early 2023"]
[White "Grandelius, Nils"]
[Black "Postny, Evgeny"]
[WhiteFideId "1710400"]
[BlackFideId "2804344"]
[WhiteElo "2664"]
[BlackElo "2549"]
[Result "0-1"]
[Round "06"]
[TimeControl "180+2"]
[Date "2023.01.31"]
[WhiteClock "0:00:07"]
[BlackClock "0:00:02"]

1. c4 c6 2. Nc3 d5 3. e3 Nf6 4. Nf3 Bg4 5. cxd5 Bxf3 6. Qxf3 cxd5 7. d4 Nc6 8. Bd3 e6 9. O-O Bd6 10. Bd2 O-O 11. Qh3 g6 12. Rac1 Rc8 13. Qf3 a6 14. Rfd1 Bb8 15. g3 Re8 16. Be1 Kg7 17. Na4 Nd7 18. Qe2 Bd6 19. a3 Qe7 20. b4 h5 21. Nc5 Nf6 22. Nxb7 Qxb7 23. Bxa6 Qb8 24. Bxc8 Rxc8 25. Qa6 Ne7 26. Rxc8 Nxc8 27. Rc1 Nb6 28. Rc6 Bc7 29. a4 Nc4 30. a5 h4 31. b5 hxg3 32. hxg3 Ng4 33. Rxe6 Qh8 34. Qb7 Qh2+ 35. Kf1 Bxg3 36. Re7 Ncxe3+ 37. Ke2 Nf5 38. Rxf7+ Kg8 39. Qxd5 Nxd4+ 40. Kd1 Ne3+ 41. Kc1 Ne2+ 42. Kb1 Nxd5 43. Rd7 Nec3+ 44. Kc2 Bd6 45. Rd8+ Kf7 46. Bxc3 Nxc3 47. Kxc3 Qxf2 48. Rxd6 Qc5+ 49. Kb3 Qxd6 50. a6 Qb6 51. Kb4 Ke6 52. Kc4 Qa7 0-1


[Site "https://www.chess.com"]

[Event "Titled Tuesday Blitz January 31 Early 2023"]
[White "Shipov, Sergei"]
[Black "Moroni, Luca Jr"]
[WhiteFideId "4113624"]
[BlackFideId "865834"]
[WhiteElo "2541"]
[BlackElo "2535"]
[Result "0-1"]
[Round "06"]
[TimeControl "180+2"]
[Date "2023.01.31"]
[WhiteClock "0:00:02"]
[BlackClock "0:00:07"]

1. d4 g6 2. c4 Bg7 3. e4 d6 4. Nf3 Bg4 5. Be2 Bxf3 6. Bxf3 Nc6 7. d5 Nd4 8. O-O Nxf3+ 9. Qxf3 Nf6 10. Nc3 Nd7 11. Bg5 c6 12. Rfe1 O-O 13. Rac1 Rc8 14. b3 a6 15. h3 h6 16. Bh4 Re8 17. Qe3 Qa5 18. dxc6 bxc6 19. Na4 c5 20. Red1 Ne5 21. f4 Nc6 22. e5 Nd4 23. Bf2 Qc7 24. Re1 Rcd8 25. Kh1 e6 26. Qe4 Rd7 27. g4 Red8 28. Kg2 g5 29. exd6 Qxd6 30. Bg3 Qe7 31. f5 Qf8 32. fxe6 Nxe6 33. Re2 Rd3 34. Rf1 Qe7 35. Ref2 Rd2 0-1


[Site "https://www.chess.com"]